 Dungeon Crawl Stone Soup version 0.30-a0-691-g754fce4c43 (webtiles) character file.

Game seed: 13240227808779449389

3404 mampy3000 the Grappler (level 9, -2/85 HPs)
             Began as a Troll Berserker on Jan 19, 2023.
             Was a Priest of Trog.
             Slain by a boulder beetle (8 damage)
             ... on level 8 of the Dungeon.
             The game lasted 00:15:36 (6010 turns).

mampy3000 the Grappler (Troll Berserker)            Turns: 6010, Time: 00:15:36

Health: -2/85      AC:  5    Str: 27    XL:     9   Next: 75%
Magic:  8/8        EV:  8    Int:  5    God:    Trog [***...]
Gold:   420        SH: 14    Dex: 11    Spells: 8/8 levels left

rFire   . . .      SeeInvis .      - Unarmed
rCold   . . .      Faith    .    j - +1 tower shield
rNeg    . . .      Spirit   .    a - +0 animal skin
rPois   .          Reflect  .    (helmet restricted)
rElec   .          Harm     .    x - +0 cloak
rCorr   .          Rampage  .    (gloves unavailable)
Will    .....                    (boots unavailable)
Stlth   ++                       n - amulet of the acrobat
HPRegen 1.14/turn                (no ring)
MPRegen 0.11/turn                (no ring)

@: on berserk cooldown, slowed, very slow
A: large, unfitting armour, claws 3, regeneration 1, shaggy fur 1, tough skin 1
a: Renounce Religion, Berserk, Trog's Hand


You were on level 8 of the Dungeon.
You worshipped Trog.
Trog was most pleased with you.
You visited 1 branch of the dungeon, and saw 8 of its levels.

You collected 420 gold pieces.

Inventory:

Missiles
 A - 6 boomerangs (quivered)
Armour
 a - a +0 animal skin (worn)
 j - a +1 tower shield (worn)
 u - a +1 helmet
 x - a +0 cloak (worn)
Jewellery
 n - an amulet of the acrobat (around neck)
 r - an amulet of faith
 t - a ring of willpower
Wands
 p - a wand of flame (31)
 s - a wand of paralysis (21)
 z - a wand of roots (4)
Scrolls
 d - 6 scrolls of identify
 f - a scroll of magic mapping
 g - 3 scrolls of fear {unknown}
 o - a scroll of silence {unknown}
 v - a scroll of teleportation
Potions
 b - 4 potions of lignification {unknown}
 c - a potion of might
 e - 5 potions of degeneration {unknown}
 h - 3 potions of haste {unknown}
 i - 3 potions of attraction {unknown}
 k - 2 potions of magic {unknown}
 l - a potion of resistance {unknown}
 m - 2 potions of curing {unknown}
 q - 2 potions of heal wounds {unknown}
 C - 2 potions of mutation {unknown}


   Skills:
 + Level 4.4 Fighting
 + Level 6.0 Dodging
 + Level 2.0 Stealth
 + Level 5.2 Shields
 + Level 9.6 Unarmed Combat


You had 8 spell levels left.
You didn't know any spells.
Your spell library was empty.

Dungeon Overview and Level Annotations

Branches:
Dungeon (8/15)             Temple (0/1) D:6            Lair (0/5) D:8

Altars:
Cheibriados
Fedhas
Kikubaaqudgha
Makhleb
Nemelex Xobeh
Okawaru
Vehumet
Wu Jian
Xom
Yredelemnul

Shops:
D:1 ?

Portals:
Abyss: D:3

Annotations:
D:3 2 transporters, Loveship's ghost, weakling DsFi


Innate Abilities, Weirdness & Mutations

You are too large for most types of armour.
You have claws for hands.
Your natural rate of healing is unusually fast.
You are covered in fur. (AC +1)
You have tough skin. (AC +1)


Message History

The bullfrog is heavily wounded.
You block the bullfrog's attack.
You mangle the bullfrog!!
You kill the bullfrog!
Trog accepts your kill.
The boulder beetle curls into a ball and begins rolling!
The steam dragon breathes steam at you. The ball of steam hits you!
The orc wizard points at you and mumbles some strange words.
The magic dart hits you.
You hear an angry buzzing noise.
You scratch the steam dragon.
The steam dragon is moderately wounded.
You are no longer berserk.
You are exhausted.
You feel yourself slow down. The steam dragon closely misses you.
You block the steam dragon's attack.
You barely miss the steam dragon.
The steam dragon is moderately wounded.
The steam dragon barely misses you. You block the steam dragon's attack.
You completely miss the steam dragon.
The steam dragon is moderately wounded.
You block the steam dragon's attack. The steam dragon completely misses you.
You block the boulder beetle's attack.
The boulder beetle stops rolling and uncurls.
The steam dragon breathes steam at you. The ball of steam hits you!
* * * LOW HITPOINT WARNING * * *
You hear an angry buzzing noise.
You barely miss the steam dragon.
The steam dragon is lightly wounded.
You are engulfed in a cloud of scalding steam.
* * * LOW HITPOINT WARNING * * *
The boulder beetle bites you!!
* * * LOW HITPOINT WARNING * * *
You block the steam dragon's attack.
The steam dragon claws you but does no damage.
The steam dragon breathes steam at you. The ball of steam misses you.
The boulder beetle bites you!
You die...

...### ##.#.## ### #.#..####
#.## ### ##.......# ##..## #.#
##.......### #....###.##
##.........## #...<.#...##
##.......#..####.........#
##.......#...##..D......##
#.......#...#..@B°......#
#.......#.....§.o.°.....######
#...........§§................
#............########.########
##.....<.§....# ♣♣♣♣♣.♣♣♣♣♣
...........§..#♣♣♣...[.....♣♣♣#
#.............#...............#
#.............#♣♣♣.........♣♣♣#
...#..........# ♣♣♣♣♣.♣♣♣♣♣


You could see a boulder beetle, a steam dragon and an orc wizard.

Vanquished Creatures
  Prince Ribbit (D:7)
  Grinder (D:3)
  Sigmund (D:4)
  An acid dragon (D:8)
  3 water moccasins
  Duvessa (D:5)
  4 black bears
  A sky beast (D:7)
  2 ice beasts
  2 centaurs
  A phantom (D:5)
  A bullfrog (D:8)
  3 necrophages
  A scorpion (D:7)
  A wight (D:8)
  Dowan (D:5)
  A killer bee (D:8)
  3 howler monkeys
  6 jellies
  6 hounds
  2 orc priests
  Jessica (D:3)
  2 orc wizards (D:7)
  3 iguanas
  Natasha (thrice) (D:4)
  Robin (D:4)
  7 gnolls
  5 adders
  A shadow imp (D:7)
  2 white imps
  2 ufetubi
  The ghost of drugrobin the Sneak, a weakling DgDe (D:5)
  20 orcs
  10 endoplasms
  4 giant cockroaches
  9 hobgoblins
  2 quokkas
  5 ball pythons
  A bat (D:1)
  2 frilled lizards
  6 goblins
  10 kobolds
  6 rats
  A spectral orc (D:8)
147 creatures vanquished.

Vanquished Creatures (others)
  18 plants
18 creatures vanquished.

Grand Total: 165 creatures vanquished

Notes
Turn   | Place    | Note
-------+----------+-------------------------------------------
     0 | D:1      | mampy3000 the Troll Berserker began the quest for the Orb.
     0 | D:1      | Reached XP level 1. HP: 22/22 MP: 0/0
   205 | D:1      | Reached XP level 2. HP: 29/29 MP: 1/1
   361 | D:1      | Found Mosyushre's Magic Scroll Boutique.
   708 | D:2      | Reached XP level 3. HP: 36/36 MP: 2/2
   846 | D:2      | Found a blossoming altar of Fedhas.
   851 | D:2      | Reached ** piety under Trog
  1257 | D:3      | Found a transporter.
  1263 | D:3      | Found a one-way gate to the infinite horrors of the Abyss.
  1263 | D:3      | Noticed Loveship's ghost (weakling DsFi)
  1268 | D:3      | Noticed Jessica
  1274 | D:3      | Killed Jessica
  1275 | D:3      | Reached XP level 4. HP: 45/45 MP: 3/3
  1287 | D:3      | Found a transporter.
  1287 | D:3      | Noticed a small abomination
  1297 | D:3      | Found the +5 Force Lance {heavy, knockback}
  1401 | D:3      | Found a burning altar of Makhleb.
  1403 | D:3      | Noticed a balrug
  1543 | D:3      | Noticed a toenail golem
  1588 | D:3      | Found a snail-covered altar of Cheibriados.
  1592 | D:3      | Noticed Grinder
  1592 | D:3      | Noticed a centaur
  1598 | D:3      | Killed a centaur
  1599 | D:3      | Reached skill level 4 in Unarmed Combat
  1599 | D:3      | Reached XP level 5. HP: 51/53 MP: 4/4
  1600 | D:3      | Killed Grinder
  1601 | D:3      | Reached skill level 1 in Shields
  1601 | D:3      | Reached skill level 5 in Unarmed Combat
  1601 | D:3      | Reached XP level 6. HP: 59/61 MP: 5/5
  1882 | D:4      | Identified the +1 helmet of Wonder {Will+ Regen+ Int-4}
  1882 | D:4      | Noticed Robin
  1897 | D:4      | Killed Robin
  1987 | D:4      | Noticed Sigmund
  2000 | D:4      | Killed Sigmund
  2001 | D:4      | Reached XP level 7. HP: 67/67 MP: 6/6
  2036 | D:4      | Reached skill level 6 in Unarmed Combat
  2104 | D:4      | Noticed Natasha
  2109 | D:4      | Killed Natasha
  2162 | D:4      | Noticed Natasha
  2170 | D:4      | Killed Natasha
  2228 | D:4      | Reached skill level 1 in Stealth
  2652 | D:4      | Noticed Natasha
  2659 | D:4      | Killed Natasha
  2756 | D:5      | Entered Level 5 of the Dungeon
  2823 | D:5      | Noticed Duvessa
  2823 | D:5      | Noticed Dowan
  2835 | D:5      | Killed Duvessa
  2861 | D:5      | Killed Dowan
  2927 | D:5      | Reached XP level 8. HP: 77/78 MP: 7/7
  3048 | D:5      | Reached skill level 7 in Unarmed Combat
  3104 | D:5      | Found an iron altar of Okawaru.
  3179 | D:5      | Found a runed translucent gate.
  3180 | D:5      | Found a runed translucent gate.
  3181 | D:5      | Found a runed translucent gate.
  3182 | D:5      | Noticed drugrobin's ghost (weakling DgDe)
  3755 | D:5      | Reached *** piety under Trog
  3760 | D:5      | Killed drugrobin's ghost
  3988 | D:6      | Found a staircase to the Ecumenical Temple.
  4053 | D:6      | Found a shimmering altar of Xom.
  4096 | D:6      | Found an ornate altar of the Wu Jian Council.
  4177 | D:6      | Reached skill level 5 in Dodging
  4177 | D:6      | Reached skill level 8 in Unarmed Combat
  4259 | D:6      | Found a radiant altar of Vehumet.
  4370 | D:6      | Found an ancient bone altar of Kikubaaqudgha.
  4565 | D:7      | Found a sparkling altar of Nemelex Xobeh.
  4587 | D:7      | Reached XP level 9. HP: 72/84 MP: 8/8
  5155 | D:7      | Noticed Prince Ribbit
  5168 | D:7      | Killed Prince Ribbit
  5169 | D:7      | Reached skill level 9 in Unarmed Combat
  5627 | D:8      | Reached skill level 5 in Shields
  5902 | D:8      | Found a staircase to the Lair.
  5962 | D:8      | Found a basalt altar of Yredelemnul.
  5990 | D:8      | Noticed a boulder beetle
  6010 | D:8      | Slain by a boulder beetle

Illustrated notes

Levels and vault maps discovered:
D:1:      minmay_arrival_glassed_features, layout_loops_cross, serial_shops,
          shop_statue, minmay_misc_feat_chi
D:2:      layout_basic, basic_altar
D:3:      layout_rooms, makhleb_altar_promises_db,
          mainiacjoe_overflow_cross_hatched, gammafunk_ghost_abyssal_escape,
          nicolae_concentric_dashed_squares_mild, kennysheep_generic_room_2,
          uniq_grinder, uniq_jessica
D:4:      layout_loops_corners, kennysheep_generic_room_10, uniq_robin,
          uniq_natasha, uniq_sigmund
D:5:      layout_loops_corners, okawaru_metal_pillars_1_2,
          biasface_ghost_orc_armoury, uniq_duvessa
D:6:      layout_basic, mainiacjoe_overflow_concentric_impassable,
          mainiacjoe_overflow_alcove_4, lemuel_doored_altar,
          mainiacjoe_overflow_tiny_flanked, minmay_temple_entry_grid,
          chequers_serial_rivers_micro_d, supply_closet_lemuel, abandoned_shop,
          kennysheep_boxes
D:7:      layout_loops_cross, mainiacjoe_overflow_chevrons, uniq_prince_ribbit1
D:8:      nzn_winding_woodlands_stair_cross [nzn_winding_woodlands_5x15_default,
          nzn_winding_woodlands_center_lodge,
          nzn_winding_woodlands_5x15_crooked, nzn_winding_woodlands_5x5_default,
          nzn_winding_woodlands_5x5_three, nzn_winding_woodlands_5x15_garden,
          nzn_winding_woodlands_center_garden,
          nzn_winding_woodlands_5x15_longhouse], layout_cave_pools,
          yredelemnul_forgotten_temple_becter, lair_entry_dummy

Skill      XL: |  1  2  3  4  5  6  7  8  9 |
---------------+----------------------------+-----
Fighting       | 3 4 |  4.4
Dodging        | 3 4 5 6 |  6.0
Unarmed Combat | 4 5 6 8 9 |  9.6
Shields        | 1 2 4 5 |  5.2
Stealth        | 1 2 |  2.0

Action                   |  1- 3 |  4- 6 |  7- 9 || total
-------------------------+-------+-------+-------++-------
Melee: Unarmed           |    75 |    59 |   276 ||   410
       Punch             |     4 |       |       ||     4
Invok: Berserk           |       |     3 |     6 ||     9
       Trog's Hand       |       |       |     2 ||     2
  Use: Scroll            |       |       |     9 ||     9
 Stab: Sleeping          |     1 |       |     3 ||     4
       Distracted        |       |       |     1 ||     1
Armor: Animal skin       |    19 |    15 |    55 ||    89
Dodge: Dodged            |    35 |    18 |    99 ||   152
Block: Tower shield      |     8 |    26 |   177 ||   211

Table legend: (Time is in decaauts)
 A = Elapsed time spent in this place.
 B = Non-inter-level travel time spent in this place.
 C = Inter-level travel time spent in this place.
 D = Time resting spent in this place.
 E = Time spent auto-exploring this place.
 F = Levels seen in this place.
 G = Mean time per level.
                   A        B        C        D        E       F      G
               +--------+--------+--------+--------+--------+-----+--------+
         Total |   6145 |   5808 |    337 |      0 |   4371 |   8 |  768.1 |
       Dungeon |   6145 |   5808 |    337 |      0 |   4371 |   8 |  768.1 |
               +--------+--------+--------+--------+--------+-----+--------+

Top non-repeatable levels by time:
     D:5: 1172 daAuts
     D:4: 913 daAuts
     D:7: 815 daAuts
     D:3: 689 daAuts
     D:6: 685 daAuts
     D:8: 659 daAuts
     D:1: 652 daAuts
     D:2: 557 daAuts
